 Dungeon Sprint DCSS version 0.28-a0-268-g3f656e82c2 (webtiles) character file.

Game seed: 7756243134789142434

3303 Ankalagon the Champion of Chaos (level 12, -5/91 HPs)
             Began as a Demonspawn Artificer on Aug 29, 2021.
             Was the Champion of Makhleb.
             Slain by an eldritch tentacle (25 damage)
             ... called by a dimme
             ... in the Dungeon (Sprint VI: "Thunderdome").
             The game lasted 00:17:55 (1734 turns).

Ankalagon the Champion of Chaos (DsAr)              Turns: 1734, Time: 00:17:56

Health: -5/91      AC: 10    Str: 18    XL:     12   Next: 2%
Magic:  23/23      EV: 20    Int: 20    God:    Makhleb [******]
Gold:   1113       SH:  0    Dex: 21    Spells: 11/11 levels left

rFire   + . .      SeeInvis +     - Unarmed
rCold   . . .      Faith    .   (no shield)
rNeg    . . .      Spirit   .   t - +0 troll leather armour
rPois   +          Reflect  .   w - +0 helmet of the Wasteland {Int+5}
rElec   .          Harm     .   a - +0 cloak
rCorr   .          Rampage  .   j - +0 pair of gloves
Will    +....      NoTele   +   (boots unavailable) Stlth ++........NoCast +
                                q - amulet of the Invisible Hand {Acrobat -Cast rF+ Will+ Regen+}
HPRegen 2.25/turn               r - ring "Urghegoa" {rPois Slay+4}
MPRegen 0.18/turn               p - ring of Lust {Str+3 Int+3 Dex+4 SInv}

@: mesmerised
A: talons 3, foul stench 2, powered by pain 1, frail 1
}: 1/15 runes: serpentine
a: Renounce Religion, Minor Destruction, Lesser Servant of Makhleb, Major
Destruction, Greater Servant of Makhleb


You were in the Dungeon.
You worshipped Makhleb.
Makhleb was exalted by your worship.
You visited 1 branch You collected 2350 gold pieces.
You spent 1237 gold pieces at shops.

Inventory:

Missiles
 v - 4 throwing nets
Armour
 a - a +0 cloak (worn)
 b - a +0 leather armour
 j - a +0 pair of gloves (worn)
 t - a +0 troll leather armour (worn)
 w - the +0 helmet of the Wasteland (worn) {Int+5}
   (You bought it in a shop in the Dungeon)

   Int:       It affects your intelligence (+5).
Jewellery
 p - the ring of Lust (right hand) {Str+3 Int+3 Dex+4 SInv}
   (You bought it in a shop in the Dungeon)

   [ring of see invisible]

   Str:       It affects your strength (+3).
   Int:       It affects your intelligence (+3).
   Dex:       It affects your dexterity (+4).
   SInv:      It lets you see invisible.
 q - the amulet of the Invisible Hand (around neck) {Acrobat -Cast rF+ Will+ Regen+}
   (You bought it in a shop in the Dungeon)

   [amulet of the acrobat]

   It increases your evasion while moving and waiting.
   rF:        It protects you from fire.
   -Cast:     It prevents spellcasting.
   Regen:     It increases your rate of health regeneration.
   Will:      It increases your willpower.
 r - the ring "Urghegoa" (left hand) {rPois Slay+4}
   (You bought it in a shop in the Dungeon)

   [ring of poison resistance]

   Slay:      It affects your accuracy & damage with ranged weapons and melee
   (+4).
   rPois:     It protects you from poison.
 s - the ring "Igaedos" {rElec Str+6 Dex+2}
   (You bought it in a shop in the Dungeon)

   [ring of strength]

   Str:       It affects your strength (+6).
   Dex:       It affects your dexterity (+2).
   rElec:     It insulates you from electricity.
 u - a +6 ring of intelligence
Wands
 c - a wand of flame (2)
 d - a wand of charming (15)
 l - a wand of iceblast (5)
 m - a wand of acid (5)
Scrolls
 k - 3 scrolls of blinking
 n - 3 scrolls of fog
Potions
 f - a potion of curing
 g - 2 potions of heal wounds
 h - 3 potions of haste
 i - 2 potions of magic
 o - a potion of resistance
Miscellaneous
 e - a piece from Xom's chessboard (15/15)


   Skills:
 + Level 12.2 Fighting
 + Level 12.3 Armour
 + Level 11.3 Dodging
 - Level 0.8 Stealth
 + Level 13.5 Unarmed Combat
 - Level 15.8 Invocations
 - Level 8.3 Evocations


You had 11 spell levels left.
You didn't know any spells.
Your spell library was empty.

Dungeon Overview and Level Annotations

Branches:
Dungeon (1/1)

Altars:
Cheibriados
Dithmenos
Fedhas
Gozag
Kikubaaqudgha
Makhleb
Qazlal
Ru
Sif Muna
Trog
Uskayaw
Vehumet
Wu Jian
Xom
Yredelemnul
Zin
The Shining One
Beogh
Jiyva
Lugonu

Shops:
D *[??*?*:[((!!!!


Innate Abilities, Weirdness & Mutations

You have claws for feet.
You sometimes emit foul miasma when damaged in melee.
You sometimes gain a little power by taking damage.
You are frail. (-10% HP)


Message History

The dimme chants its luring song.
Press: ? - help, Shift-Dir - straight line, f/p - dimme
Aim: a dimme (almost dead, mesmerising, lightly drained)
You hear a mighty clap of thunder!
The bolt of lightning misses the dimme.
The merfolk siren completely misses you.
The dimme chants its luring song.
Press: ? - help, Shift-Dir - straight line, f/p - dimme
Aim: a dimme (almost dead, mesmerising, lightly drained)
The bolt of acid misses the dimme.
A merfolk siren comes into view. It is wielding a +0 spear.
The snapping turtle barely misses you.
The merfolk siren chants a haunting song.
You resist with almost no effort.
The dungeon shakes, a horrible noise fills the air, and a portal to some otherworldly place is opened!
Press: ? - help, Shift-Dir - straight line, f/p - dimme
Aim: a dimme (almost dead, mesmerising, lightly drained)
The bolt of negative energy misses the dimme.
The snapping turtle closely misses you.
The merfolk siren hits you from afar with a +0 trident.
You cannot move away from the dimme!
Unknown command.
There are monsters nearby!
Unknown command.
Okay, then.
Unknown command.
You feel much better.
The snapping turtle completely misses you.
The merfolk siren chants a haunting song.
The dimme chants its luring song.
An eldritch tentacle comes into view.
Press: ? - help, Shift-Dir - straight line, f/p - dimme
Aim: a dimme (almost dead, mesmerising, lightly drained)
The bolt of magma misses the dimme.
The snapping turtle bites you from afar.
The merfolk siren chants its luring song.
The eldritch tentacle slaps you! The eldritch tentacle freezes you!!
* * * LOW HITPOINT WARNING * * *
The eldritch tentacle claws you!!
You die...

#_...[..._# #_......._#
#_...)....# ###.........###
#⌠...│....)..§#
#####)8........)8.######
.___.......##..)t§§___∩##
...[....8..##.8m§w§....∩###
..).†......##...@§m....m..##
.....)...#...###..........⌠#
.......)##.<.# #..........⌠#
..)...(#.#...###..........⌠#
..)........##.............##
........8..##.8........∩###
∩.__......#.#......___∩##
#####.8...[...).8.######
#⌠...........⌠#


You could see an eldritch tentacle, a dimme (mesmerising, drained), a snapping
turtle and a merfolk siren (mesmerising).

Vanquished Creatures
  A naga warrior (D)
  2 mummy priests (D)
  A merfolk impaler (D)
  2 sea snakes (D)
  A harpy (D)
  15 ugly things (D)
  A faun (D)
  A naga mage (D)
  5 guardian mummies (D)
  2 merfolk (D)
  A snapping turtle (D)
  A water elemental (D)
  Sigmund (D)
  Menkaure (D)
  Terence (D)
  11 mummies (D)
  6 gnolls (D)
  3 kobolds (D)
56 creatures vanquished.

Vanquished Creatures (collateral kills)
  A guardian mummy (D)
  2 mummies (D)
3 creatures vanquished.

Grand Total: 59 creatures vanquished

Notes
Turn   | Place    | Note
-------+----------+-------------------------------------------
     0 | D        | Ankalagon the Demonspawn Artificer began the quest for the
                  | Orb.
     0 | D        | Reached XP level 1. HP: 15/15 MP: 1/1
     1 | D        | Found a shimmering altar of Xom.
     1 | D        | Found a sacrificial altar of Ru.
     2 | D        | Found an iron altar of Okawaru.
     2 | D        | Found a viscous altar of Jiyva.
     3 | D        | Found a shimmering blue altar of Sif Muna.
     4 | D        | Found a hide-covered altar of Uskayaw.
     4 | D        | Found Deibuqudea's Identification Station.
     5 | D        | Found Xicwo Mosm's Jewellery.
     5 | D        | Found Wial's Advanced Armour.
     5 | D        | Round 1.
    13 | D        | Bought a crude tin ring for 45 gold pieces
    13 | D        | Identified the ring of Lust {Str+3 Int+3 Dex+4 SInv} (You
                  | bought it in a shop in the Dungeon)
    13 | D        | Bought a smoking tin amulet for 45 gold pieces
    13 | D        | Identified the amulet of the Invisible Hand {Acrobat -Cast
                  | rF+ Will+ Regen+} (You bought it in a shop in the Dungeon)
    13 | D        | Bought a glittering brass ring for 45 gold pieces
    13 | D        | Identified the ring "Urghegoa" {rPois Slay+4} (You bought
                  | it in a shop in the Dungeon)
    20 | D        | Bought a sparkling jade ring for 45 gold pieces
    20 | D        | Identified the ring "Igaedos" {rElec Str+6 Dex+2} (You
                  | bought it in a shop in the Dungeon)
    21 | D        | Noticed Terence
    31 | D        | Killed Terence
    32 | D        | Reached skill level 5 in Evocations
    32 | D        | Gained mutation: You may rarely emit foul miasma when
                  | damaged in melee. [demonic ancestry]
    32 | D        | Reached XP level 2. HP: 21/21 MP: 2/2
    36 | D        | Found a snail-covered altar of Cheibriados.
    36 | D        | Found Anemeska's Magic Scroll Shop.
    37 | D        | Found Niwusud's Magic Scroll Shop.
    37 | D        | Found Atiosaj's Must-Have Magic.
    38 | D        | Found a blossoming altar of Fedhas.
    38 | D        | Found a corrupted altar of Lugonu.
    38 | D        | Found Leighe's Staff Store.
    42 | D        | Found an ornate altar of the Wu Jian Council.
    43 | D        | Found a basalt altar of Yredelemnul.
    44 | D        | Found a stormy altar of Qazlal.
    46 | D        | Found Bafiux's Distillery.
    47 | D        | Found Coehis's Distillery.
    47 | D        | Found Quaddux's Bottled Wisdom.
    48 | D        | Found a shadowy altar of Dithmenos.
    48 | D        | Found a burning altar of Makhleb.
    48 | D        | Found Uweoxai's Do-It-Yourself Clinic.
    52 | D        | Found an ancient bone altar of Kikubaaqudgha.
    57 | D        | Became a worshipper of Makhleb the Destroyer
    62 | D        | Found Lotwoviv's Weapon Rack.
    62 | D        | Found Myulaaho's Basic Armour.
    63 | D        | Found Negi's Miscellaneous Merchandise.
    64 | D        | Found a radiant altar of Vehumet.
    64 | D        | Found an opulent altar of Gozag.
    64 | D        | Found a bloodstained altar of Trog.
    64 | D        | Found Zoruphee's Premium Goods.
    88 | D        | Noticed Sigmund
    89 | D        | Reached XP level 3. HP: 26/26 MP: 3/3
   100 | D        | Killed Sigmund
   100 | D        | Reached * piety under Makhleb
   100 | D        | Arena points: 12 (+12) [x2]
   101 | D        | Gained mutation: You sometimes emit foul miasma when
                  | damaged in melee. [demonic ancestry]
   101 | D        | Reached XP level 4. HP: 16/32 MP: 4/4
   101 | D        | Gained mutation: You have sharp toenails. [demonic
                  | ancestry]
   101 | D        | Reached XP level 5. HP: 19/37 MP: 5/5
   173 | D        | Round 2.
   187 | D        | Reached skill level 1 in Invocations
   238 | D        | Reached skill level 2 in Invocations
   262 | D        | Reached ** piety under Makhleb
   263 | D        | Reached skill level 3 in Invocations
   289 | D        | Reached skill level 4 in Invocations
   290 | D        | Arena points: 54 (+42) [x3]
   311 | D        | Bought a +0 cloak for 54 gold pieces
   365 | D        | Round 3.
   380 | D        | Reached *** piety under Makhleb
   413 | D        | Reached skill level 5 in Invocations
   426 | D        | Reached XP level 6. HP: 30/43 MP: 8/10
   430 | D        | Reached skill level 1 in Dodging
   466 | D        | Reached **** piety under Makhleb
   470 | D        | Arena points: 138 (+84) [x4]
   480 | D        | Bought a +0 pair of gloves for 54 gold pieces
   524 | D        | Round 4.
   528 | D        | Noticed a guardian mummy
   538 | D        | Killed a guardian mummy
   539 | D        | Reached skill level 7 in Invocations
   539 | D        | Reached XP level 7. HP: 21/54 MP: 10/12
   569 | D        | Bought 3 potions of heal wounds for 105 gold pieces
   621 | D        | Noticed Menkaure
   623 | D        | Killed Menkaure
   623 | D        | Reached ***** piety under Makhleb
   624 | D        | Reached skill level 5 in Fighting
   624 | D        | Reached skill level 8 in Invocations
   636 | D        | Noticed a guardian mummy
   644 | D        | Killed a guardian mummy
   645 | D        | Reached skill level 5 in Dodging
   645 | D        | Reached skill level 9 in Invocations
   669 | D        | Noticed a guardian mummy
   680 | D        | Killed a guardian mummy
   680 | D        | Arena points: 278 (+140) [x5]
   681 | D        | Reached skill level 10 in Unarmed Combat
   681 | D        | Gained mutation: You have razor-sharp toenails. [demonic
                  | ancestry]
   681 | D        | Reached XP level 8. HP: 32/65 MP: 15/15
   695 | D        | Bought a +0 troll leather armour for 180 gold pieces
   730 | D        | Round 5.
   732 | D        | Noticed a naga warlord
   747 | D        | Noticed a cacodemon
   748 | D        | Noticed a naga mage
   757 | D        | Killed a naga mage
   758 | D        | Reached skill level 10 in Invocations
   770 | D        | Gained mutation: You are frail. (-10% HP) [a cacodemon]
   771 | D        | Killed a naga warlord
   771 | D        | Arena points: 558 (+280) [x7]
   772 | D        | Reached skill level 11 in Invocations
   772 | D        | Gained mutation: You have claws for feet. [demonic
                  | ancestry]
   772 | D        | Reached XP level 9. HP: 51/67 MP: 15/17
   772 | D        | Got a serpentine rune of Zot
   773 | D        | Reached skill level 12 in Invocations
   773 | D        | Reached XP level 10. HP: 57/74 MP: 15/19
   967 | D        | Round 6.
   972 | D        | Noticed a merfolk impaler
   976 | D        | Killed a merfolk impaler
   977 | D        | Reached skill level 13 in Invocations
   995 | D        | Reached skill level 10 in Fighting
   996 | D        | Noticed a sea snake
  1002 | D        | Killed a sea snake
  1005 | D        | Reached skill level 14 in Invocations
  1024 | D        | Noticed a faun
  1028 | D        | Killed a faun
  1039 | D        | Noticed a sea snake
  1042 | D        | Killed a sea snake
  1043 | D        | Reached skill level 10 in Dodging
  1076 | D        | Arena points: 990 (+432) [x8]
  1097 | D        | Bought a scorched helmet for 332 gold pieces
  1097 | D        | Identified the +0 helmet of the Wasteland {Int+5} (You
                  | bought it in a shop in the Dungeon)
  1120 | D        | Round 7.
  1121 | D        | Noticed a brown ugly thing
  1128 | D        | Killed a brown ugly thing
  1137 | D        | Noticed a brown ugly thing
  1141 | D        | Killed a brown ugly thing
  1142 | D        | Reached skill level 15 in Invocations
  1142 | D        | Reached XP level 11. HP: 79/83 MP: 22/22
  1142 | D        | Noticed a cyan ugly thing
  1153 | D        | Killed a cyan ugly thing
  1172 | D        | Noticed a red ugly thing
  1176 | D        | Noticed a cyan ugly thing
  1178 | D        | Killed a red ugly thing
  1183 | D        | Killed a cyan ugly thing
  1183 | D        | Reached ****** piety under Makhleb
  1218 | D        | Noticed a brown ugly thing
  1223 | D        | Killed a brown ugly thing
  1226 | D        | Noticed a green ugly thing
  1230 | D        | Killed a green ugly thing
  1230 | D        | Arena points: 1494 (+504) [x9]
  1248 | D        | Bought a pair of smoking gloves for 332 gold pieces
  1248 | D        | Identified the -3 pair of gloves of Lakaerro {*Corrode rN+
                  | Str+3 Slay+3} (You bought it in a shop in the Dungeon)
  1298 | D        | Round 8.
  1300 | D        | Noticed a green ugly thing
  1303 | D        | Killed a green ugly thing
  1355 | D        | Noticed a green ugly thing
  1357 | D        | Killed a green ugly thing
  1358 | D        | Reached skill level 5 in Armour
  1361 | D        | Noticed a white ugly thing
  1368 | D        | Killed a white ugly thing
  1387 | D        | Noticed a brown ugly thing
  1390 | D        | Noticed a brown ugly thing
  1394 | D        | Killed a brown ugly thing
  1397 | D        | Killed a brown ugly thing
  1403 | D        | Noticed a purple ugly thing
  1410 | D        | Killed a purple ugly thing
  1413 | D        | Noticed a green ugly thing
  1415 | D        | Noticed a cyan ugly thing
  1421 | D        | Killed a green ugly thing
  1430 | D        | Killed a cyan ugly thing
  1430 | D        | Arena points: 2214 (+720) [x10]
  1498 | D        | Round 9.
  1508 | D        | Reached skill level 10 in Armour
  1515 | D        | Noticed a mummy priest
  1523 | D        | Killed a mummy priest
  1542 | D        | Noticed a mummy priest
  1545 | D        | Noticed a shadow wraith
  1545 | D        | Noticed a phantasmal warrior
  1547 | D        | Killed a mummy priest
  1642 | D        | Arena points: 3303 (+1089) [x11]
  1681 | D        | Round 10.
  1681 | D        | Noticed a harpy
  1684 | D        | Killed a harpy
  1685 | D        | Gained mutation: You sometimes gain a little power by
                  | taking damage. [demonic ancestry]
  1685 | D        | Reached XP level 12. HP: 90/91 MP: 23/23
  1707 | D        | Noticed a dimme
  1734 | D        | Slain by an eldritch tentacle

Illustrated notes

Levels and vault maps discovered:
D:        arena_sprint

Skill      XL: |  1  2  3  4  5  6  7  8  9 10 11 |
---------------+----------------------------------+-----
Unarmed Combat | 3 6 8 10 11 12 13 | 13.5
Evocations     | 5 8 |  8.3
Invocations    | 5 7 9 11 12 15 | 15.8
Dodging        | 3 5 7 8 10 11 | 11.3
Fighting       | 4 6 8 9 11 12 | 12.2
Armour         | 12 | 12.3
Stealth        | |  0.8

Action                   |  1- 3 |  4- 6 |  7- 9 | 10-12 || total
-------------------------+-------+-------+-------+-------++-------
Melee: Club              |     2 |       |       |       ||     2
       Unarmed           |     9 |    30 |    15 |    67 ||   121
       Kick              |       |    13 |     9 |    37 ||    59
       Punch             |       |     1 |       |    13 ||    14
Invok: Minor Destruction |       |     8 |       |     9 ||    17
       Lesser Servant of |       |     1 |       |       ||     1
       Major Destruction |       |       |    17 |    80 ||    97
       Greater Servant o |       |       |     1 |       ||     1
Evoke: Wand              |    13 |       |       |       ||    13
  Use: Potion            |     1 |     2 |     4 |     2 ||     9
       Scroll            |       |       |     1 |       ||     1
Armor: Leather armour    |     1 |       |       |       ||     1
       Troll leather arm |       |       |     1 |     5 ||     6
Dodge: Dodged            |     5 |    13 |     8 |    44 ||    70

Table legend: (Time is in decaauts)
 A = Elapsed time spent in this place.
 B = Non-inter-level travel time spent in this place.
 C = Inter-level travel time spent in this place.
 D = Time resting spent in this place.
 E = Time spent auto-exploring this place.
 F = Levels seen in this place.
 G = Mean time per level.
                   A        B        C        D        E       F      G
               +--------+--------+--------+--------+--------+-----+--------+
         Total |   1696 |   1696 |      0 |      0 |      0 |   1 | 1696.0 |
       Dungeon |   1696 |   1696 |      0 |      0 |      0 |   1 | 1696.0 |
               +--------+--------+--------+--------+--------+-----+--------+

Top non-repeatable levels by time:
       D: 1696 daAuts
